 Dungeon Sprint DCSS version 0.26-a0-1013-gf6ffb0d6bd (webtiles) character file.

Game seed: 11406886930833781309

125010216 mhtbhm the Swordmaster (level 24, 158/158 HPs)
             Began as a Vine Stalker Berserker on Dec 7, 2020.
             Was the Champion of Trog.
             Escaped with the Orb
             ... and 17 runes!
             The game lasted 00:51:44 (14589 turns).

mhtbhm the Swordmaster (Vine Stalker Berserker)    Turns: 14589, Time: 00:51:44

Health: 158/158    AC: 42    Str: 34    XL:     24   Next: 40%
Magic:  23/23      EV: 25    Int:  7    God:    Trog [******]
Gold:   580        SH: 22    Dex: 18    Spells: 25/25 levels left

rFire    + . .     SeeInvis .   B - +9 trishula (holy)
rCold    + . .     Faith    .   y - +2 kite shield {reflect}
rNeg     . . .     Spirit   +   b - +2 gold dragon scales
rPois    +         Reflect  +   v - +0 helmet
rElec    .         Harm     .   C - +1 cloak {Stlth+}
rCorr    .         Rampage  +   O - +2 pair of gloves
Will     +++..     Clarity  +   w - +2 pair of boots {rampage} Stlth +.........NoTele +
                                (no amulet)
HPRegen  1.16/turn              G - +6 ring of strength
MPRegen  0.18/turn              K - +3 ring of slaying

@: no status effects
A: fangs 3, talons 1, clarity, low mp 1, regeneration 2, magic shield, antimagic
bite, no potion heal 3, rot immunity
0: Orb of Zot
}: 17/17 runes: decaying, serpentine, barnacled, slimy, elven, silver, golden,
iron, obsidian, icy, bone, abyssal, glowing, magical, fiery, dark, gossamer
a: Berserk, Trog's Hand, Brothers in Arms, Renounce Religion


You escaped.
You worshipped Trog.
Trog was exalted by your worship.
You visited 1 branch You collected 1951 gold pieces.
You spent 1371 gold pieces at shops.

Inventory:

Hand Weapons
 a - the +10 great sword "Cuysti" {freeze, Str+7 Int+2 Stlth+}
   (You found it in the Dungeon)

   It has been specially enchanted to freeze those struck by it, causing extra
   injury to most foes and up to half again as much damage against particularly
   susceptible opponents.
   It can also slow down cold-blooded creatures.
   It affects your strength (+7).
   It affects your intelligence (+2).
   It makes you more stealthy.
 g - the +7 sceptre of Asmodeus
   (You took it off Asmodeus in the Dungeon)
 h - a +6 great sword of flaming
 n - a +7 double sword of flaming
 o - the +3 spear of Guilt {flame, *Noise +Inv rN++ Dex+4, unknown}
   (Trog gifted it to you in the Dungeon)

   It has been specially enchanted to burn those struck by it, causing extra
   injury to most foes and up to half again as much damage against particularly
   susceptible opponents.
   It affects your dexterity (+4).
   It greatly protects you from negative energy.
   It lets you turn invisible.
   It may make noises in combat.
 A - the +6 sword of Cerebov {flame}
   (You took it off Cerebov in the Dungeon)

   It has been specially enchanted to burn those struck by it, causing extra
   injury to most foes and up to half again as much damage against particularly
   susceptible opponents.
   Big, fiery blades are also staple armaments of hydra-hunters.
 B - a +9 trishula of holy wrath (weapon)
 J - the +7 great sword of Bankruptcy {vorpal, Dex+2}
   (Trog gifted it to you in the Dungeon)

   It inflicts extra damage upon your enemies.
   It affects your dexterity (+2).
 N - the +8 glaive of the Guard {elec, +Rage AC+5 SInv}
   (You found it in the Dungeon)

   Occasionally, upon striking a foe, it will discharge some electrical energy
   and cause terrible harm.
   It affects your AC (+5).
   It lets you see invisible.
   It lets you go berserk.
 P - the +4 staff of Dispater
   (You took it off Dispater in the Dungeon)
Missiles
 j - 71 javelins (quivered)
Armour
 b - +2 gold dragon scales (worn)
 v - a +0 helmet (worn)
 w - a +2 pair of boots of rampaging (worn)
 y - a +2 kite shield of reflection (worn)
 C - a +1 cloak of stealth (worn)
 O - a +2 pair of gloves (worn)
Jewellery
 r - an uncursed ring of see invisible
 z - an uncursed ring of willpower
 G - a +6 ring of strength (left hand)
 H - a +4 ring of protection
 K - a +3 ring of slaying (right hand)
 L - the ring "Qafo" {rCorr Stlth+}
   (You found it in the Dungeon)

   [ring of resist corrosion]

   It provides partial protection from all sources of acid and corrosion.
   It makes you more stealthy.
Wands
 s - a wand of iceblast (12)
Scrolls
 i - 6 scrolls of remove curse
 t - a scroll of immolation
 D - 2 scrolls of fog
 M - a scroll of fear
Potions
 c - 11 potions of curing
 d - 5 potions of haste
 e - 9 potions of magic
 f - a potion of berserk rage
 p - 5 potions of mutation
 E - a potion of ambrosia
 F - 2 potions of attraction
Miscellaneous
 k - the horn of Geryon
 l - a condenser vane
 q - a lightning rod (4/4)
 x - a tin of tremorstones (2/2)
 I - a phantom mirror


   Skills:
 O Level 27 Fighting
 + Level 2.6(18.9) Short Blades
 O Level 27 Long Blades
 + Level 1.9(18.8) Axes
 - Level 1.0(12.8) Maces & Flails
 O Level 27 Polearms
 * Level 18.7(24.7) Staves
 + Level 1.8(18.8) Slings
 - Level 1.0 Bows
 - Level 1.0 Crossbows
 O Level 27 Throwing
 O Level 27 Armour
 * Level 26.0 Dodging
 O Level 27 Stealth
 O Level 27 Shields
 - Level 1.1 Unarmed Combat
 - Level 1.1 Spellcasting
 - Level 1.1 Conjurations
 - Level 1.3 Hexes
 - Level 1.3 Summonings
 - Level 1.3 Necromancy
 - Level 1.3 Translocations
 - Level 1.3 Transmutations
 - Level 1.3 Fire Magic
 - Level 1.3 Ice Magic
 - Level 1.3 Air Magic
 - Level 1.3 Earth Magic
 - Level 1.3 Poison Magic
 - Level 1.3 Invocations
 O Level 27 Evocations


You had 25 spell levels left.
You didn't know any spells.
Your spell library was empty.

Dungeon Overview and Level Annotations

Branches:
Dungeon (1/1)

Altars:
Cheibriados
Dithmenos
Elyvilon
Fedhas
Gozag
Hepliaklqana
Kikubaaqudgha
Makhleb
Nemelex Xobeh
Okawaru
Qazlal
Ru
Sif Muna
Trog
Uskayaw
Vehumet
Wu Jian
Xom
Yredelemnul
Zin
The Shining One
Beogh
Jiyva
Lugonu

Shops:
D *}**


Innate Abilities, Weirdness & Mutations

You have razor-sharp teeth.
You heal very quickly.
When hurt, damage is shared between your health and your magic reserves.
Your bite disrupts and absorbs the magic of your enemies.
Potions cannot restore your health.
You are immune to rotting.
You have sharp toenails.
You possess an exceptional clarity of mind.
Your magical capacity is low. (-10% MP)


Message History

There is a sparkling altar of Nemelex Xobeh here.
There is a burning altar of Makhleb here.
There is a corrupted altar of Lugonu here.
There is an ancient bone altar of Kikubaaqudgha here.
There is a hazy altar of Hepliaklqana here.
There is an opulent altar of Gozag here.
There is a blossoming altar of Fedhas here.
There is a white marble altar of Elyvilon here.
There is a shadowy altar of Dithmenos here.
There is a snail-covered altar of Cheibriados here.
There is a roughly hewn altar of Beogh here.
There is an open door to the Temple here.
You see here a +0 giant spiked club.
There is an open door here.
Things that are here:
a +0 shortbow; 15 arrows You see here a +0 dagger.
There is an open door to the Dungeon here.
There is a staircase leading out of the dungeon here.
You have escaped!

▓▓▓▓▓▓▓▓▓▓▓▓▓▓▓▓▓▓
▓@▓...▓...▓...▓..÷
▓.▓.▓.▓.▓.▓.▓.▓.▓.
▓.▓.▓.▓.▓.▓.▓.▓.▓.
▓.▓.▓.▓.▓.▓.▓.▓.▓.
▓'▓.▓.▓.▓.▓○▓)▓.▓.
▓.▓.▓.▓.▓.▓.▓.▓.▓.
▓.▓.▓.▓.▓.▓°▓.▓.▓.
▓)▓.▓'▓.▓.▓○▓.▓.▓.
▓.▓.▓.▓.▓.▓.▓.▓.▓.


There were no monsters in sight!

Vanquished Creatures
  Cerebov (D)
  Antaeus (D)
  the Royal Jelly (D)
  Ereshkigal (D)
  Asmodeus (D)
  Gloorx Vloq (D)
  Lom Lobon (D)
  Mnoleg (D)
  5 ancient liches (D)
  2 orbs of fire (D)
  Dispater (D)
  Mara (D)
  Mennas (D)
  6 royal mummies (D)
  Sojobo (D)
  Boris (twice) (D)
  Margery (D)
  A Killer Klown (D)
  A curse toe (D)
  Geryon (D)
  Xtahua (D)
  3 golden dragons (D)
  Jory (D)
  2 bone dragons (D)
  4 electric golems (D)
  3 Brimstone Fiends (D)
  2 pandemonium lords (D)
  A lich (D)
  An Ice Fiend (D)
  31 Orb Guardians (D)
  5 tentacled monstrosities (D)
  A deep elf master archer (D)
  6 acid blobs (D)
  3 deep elf blademasters (D)
  2 titans (D)
  13 sphinxes (D)
  2 quicksilver dragons (D)
  3 death cobs (D)
  2 Executioners (D)
  A tentacled starspawn (D)
  Agnes (D)
  3 tengu reavers (D)
  A draconian monk (D)
  Kirke (D)
  Ilsuiw (D)
  8 azure jellies (D)
  6 storm dragons (D)
  8 shadow dragons (D)
  Donald (D)
  8 nagarajas (D)
  2 vault wardens (D)
  A fire giant (D)
  2 draconian knights (D)
  A frost giant (D)
  A balrug (D)
  A draconian scorcher (D)
  3 deep elf sorcerers (D)
  A cacodemon (D)
  7 emperor scorpions (D)
  2 ghost moths (D)
  2 draconian stormcallers (D)
  A reaper (D)
  A draconian annihilator (D)
  A spriggan defender (D)
  7 ironheart preservers (D)
  3 draconian shifters (D)
  2 very ugly things (D)
  A war gargoyle (D)
  A blood saint (D)
  2 green draconians (D)
  A dire elephant (D)
  3 yellow draconians (D)
  2 red draconians (D)
  7 vampire knights (D)
  2 stone giants (D)
  A lorocyproca (D)
  A deep elf demonologist (D)
  Azrael (D)
  Nessos (D)
  5 black draconians (D)
  2 white draconians (D)
  2 purple draconians (D)
  2 deep elf annihilators (D)
  A spark wasp (D)
  4 blizzard demons (D)
  2 eleionomae (D)
  3 deep elf death magi (D)
  4 merfolk javelineers (D)
  Snorg (D)
  A deep elf high priest (D)
  4 ettins (D)
  3 mummy priests (D)
  9 death oozes (D)
  2 yaktaur captains (D)
  4 ogre magi (D)
  2 fire dragons (D)
  A shambling mangrove (D)
  Erolcha (D)
  6 hydras (D)
  A great orb of eyes (D)
  5 merfolk impalers (D)
  A hell beast (D)
  25 vault guards (D)
  A boulder beetle (D)
  A monstrous demonspawn (D)
  2 ice dragons (D)
  2 naga warriors (D)
  A rakshasa (D)
  A catoblepas (D)
  A ghost crab (D)
  2 centaur warriors (D)
  3 merfolk aquamancers (D)
  An alligator (D)
  A tengu warrior (D)
  2 deep troll earth magi (D)
  A dancing weapon (D)
  An orc high priest (D)
  A shock serpent (shapeshifter) (D)
  A naga sharpshooter (D)
  7 hell hogs (D)
  A sun demon (D)
  2 thrashing horrors (D)
  5 hell knights (D)
  A fire crab (D)
  2 sixfirhies (D)
  A sea snake (D)
  A cherub (D)
  4 unseen horrors (D)
  A spriggan druid (D)
  A shadow demon (D)
  A flayed ghost (D)
  2 glowing orange brains (D)
  A wizard (D)
  6 swamp dragons (D)
  An ironbrand convoker (D)
  A lindwurm (shapeshifter) (D)
  A deep elf archer (D)
  A harpy (shapeshifter) (D)
  3 necromancers (D)
  4 wolf spiders (D)
  4 orc knights (D)
  A mana viper (D)
  2 manticores (D)
  4 ugly things (D)
  12 moths of wrath (D)
  A cyclops (D)
  2 vault sentinels (D)
  A guardian serpent (D)
  2 naga magi (D)
  4 black mambas (D)
  A toenail golem (D)
  2 water nymphs (D)
  2 smoke demons (D)
  7 elephants (D)
  Psyche (D)
  An orange demon (D)
  A cane toad (D)
  A rime drake (D)
  3 freezing wraiths (D)
  A hellion (D)
  4 yaktaurs (D)
  A tengu conjurer (D)
  A komodo dragon (D)
  A tormentor (D)
  2 merfolk (D)
  An ancient zyme (D)
  A demonic crawler (D)
  5 red devils (D)
  A wandering mushroom (D)
  19 guardian mummies (D)
  7 trolls (D)
  2 tyrant leeches (D)
  2 jumping spiders (D)
  2 large abominations (D)
  2 hornets (D)
  A raiju (D)
  3 slime creatures (D)
  2 wind drakes (D)
  A snapping turtle (D)
  3 redbacks (D)
  A shadow (D)
  2 ynoxinuls (D)
  Grum (D)
  11 spriggans (D)
  A tarantella (D)
  2 wraiths (D)
  4 fire elementals (D)
  A golden eye (D)
  A wyvern (D)
  3 nagas (D)
  A warg (D)
  6 water moccasins (D)
  A hell hound (D)
  2 swamp drakes (D)
  2 floating eyes (D)
  7 orc warriors (D)
  An ice beast (D)
  2 eyes of draining (D)
  An ogre (D)
  A boggart (D)
  A boggart (shapeshifter) (D)
  3 centaurs (D)
  3 wolves (D)
  7 bullfrogs (D)
  A gnoll sergeant (D)
  3 scorpions (D)
  A killer bee (D)
  A small abomination (D)
  2 orc priests (D)
  An orc wizard (D)
  An iron imp (D)
  A worker ant (D)
  A hell rat (D)
  An ufetubus (D)
  An ooze (D)
  2 ball lightnings (D)
  8 orcs (D)
  A giant cockroach (D)
  A goblin (D)
  A jackal (D)
  A kobold (D)
  A bat (D)
  A jackal zombie (D)
  A leopard gecko zombie (D)
  A rat (D)
588 creatures vanquished.

Vanquished Creatures (collateral kills)
  Saint Roka (D)
  Rupert (D)
  An orc high priest (D)
  Urug (D)
  An iron troll (D)
  2 trolls (D)
  5 orc warriors (D)
12 creatures vanquished.

Vanquished Creatures (others)
  A shambling mangrove (D)
  6 humans (D)
  7 ball lightnings (D)
  A block of ice (D)
15 creatures vanquished.

Grand Total: 615 creatures vanquished

Notes
Turn   | Place    | Note
-------+----------+-------------------------------------------
     0 | D        | mhtbhm the Vine Stalker Berserker began the quest for the
                  | Orb.
     0 | D        | Reached XP level 1. HP: 11/11 MP: 2/2
    11 | D        | Reached ** piety under Trog
    12 | D        | Reached XP level 2. HP: 16/16 MP: 1/3
    59 | D        | Noticed a scorpion
    59 | D        | Noticed a centaur
    59 | D        | Noticed an ogre
    64 | D        | Killed a scorpion
    65 | D        | Reached skill level 5 in Long Blades
    65 | D        | Reached XP level 3. HP: 22/22 MP: 2/4
    65 | D        | Gained mutation: Your natural rate of healing is unusually
                  | fast. [Vine Stalker growth]
    65 | D        | Reached XP level 4. HP: 26/26 MP: 2/5
    66 | D        | Killed a centaur
    66 | D        | Reached *** piety under Trog
    67 | D        | Reached skill level 5 in Fighting
    67 | D        | Reached XP level 5. HP: 32/32 MP: 6/6
    70 | D        | Killed an ogre
    72 | D        | Reached XP level 6. HP: 33/37 MP: 7/7
    87 | D        | Found a roughly hewn altar of Beogh.
    87 | D        | Found a snail-covered altar of Cheibriados.
    87 | D        | Found a shadowy altar of Dithmenos.
    87 | D        | Found a white marble altar of Elyvilon.
    87 | D        | Found a blossoming altar of Fedhas.
    87 | D        | Found an opulent altar of Gozag.
    88 | D        | Found a hazy altar of Hepliaklqana.
    89 | D        | Found a viscous altar of Jiyva.
    90 | D        | Found an ancient bone altar of Kikubaaqudgha.
    91 | D        | Found a corrupted altar of Lugonu.
    92 | D        | Found a burning altar of Makhleb.
    93 | D        | Found a sparkling altar of Nemelex Xobeh.
    94 | D        | Found an iron altar of Okawaru.
    95 | D        | Found a stormy altar of Qazlal.
    96 | D        | Found a sacrificial altar of Ru.
    97 | D        | Found a shimmering blue altar of Sif Muna.
    98 | D        | Found a bloodstained altar of Trog.
    99 | D        | Found a hide-covered altar of Uskayaw.
   100 | D        | Found a radiant altar of Vehumet.
   101 | D        | Found an ornate altar of the Wu Jian Council.
   102 | D        | Found a shimmering altar of Xom.
   103 | D        | Found a basalt altar of Yredelemnul.
   104 | D        | Found a glowing silver altar of Zin.
   105 | D        | Found a glowing golden altar of the Shining One.
   170 | D        | Noticed an ice beast
   170 | D        | Noticed a wraith
   175 | D        | Reached **** piety under Trog
   184 | D        | Killed an ice beast
   185 | D        | Reached XP level 7. HP: 43/43 MP: 8/8
   187 | D        | Killed a wraith
   188 | D        | Reached skill level 10 in Long Blades
   188 | D        | Reached skill level 1 in Stealth
   194 | D        | Reached ***** piety under Trog
   231 | D        | Noticed a brown ugly thing
   244 | D        | Killed a brown ugly thing
   245 | D        | Reached skill level 5 in Armour
   245 | D        | Gained mutation: You have razor-sharp teeth. [Vine Stalker
                  | growth]
   245 | D        | Reached XP level 8. HP: 50/50 MP: 9/9
   394 | D        | Noticed a cane toad
   397 | D        | Killed a cane toad
   397 | D        | Received a gift from Trog
   398 | D        | Reached skill level 10 in Fighting
   398 | D        | Reached skill level 5 in Dodging
   405 | D        | Reached XP level 9. HP: 55/55 MP: 8/10
   412 | D        | Received a gift from Trog
   469 | D        | Noticed a komodo dragon
   469 | D        | Noticed a five-headed hydra
   474 | D        | Noticed a fire crab
   476 | D        | Killed a komodo dragon
   480 | D        | Killed a two-headed hydra
   483 | D        | Reached ****** piety under Trog
   484 | D        | Reached XP level 10. HP: 61/61 MP: 11/11
   495 | D        | Killed a fire crab
   495 | D        | Received a gift from Trog
   503 | D        | Reached skill level 15 in Long Blades
   560 | D        | Noticed an elephant
   560 | D        | Noticed an elephant
   560 | D        | Noticed a dire elephant
   560 | D        | Noticed an elephant
   560 | D        | Noticed an elephant
   560 | D        | Noticed an elephant
   563 | D        | Killed an elephant
   566 | D        | Killed an elephant
   568 | D        | Noticed an elephant
   569 | D        | Killed a dire elephant
   572 | D        | Killed an elephant
   576 | D        | Killed an elephant
   576 | D        | Received a gift from Trog
   577 | D        | Reached XP level 11. HP: 67/67 MP: 12/12
   654 | D        | Noticed Psyche
   663 | D        | Killed Psyche
   738 | D        | Noticed Urug
   902 | D        | Noticed Erolcha
   903 | D        | Killed Urug
   910 | D        | Killed Erolcha
  1092 | D        | Noticed an ettin
  1094 | D        | Killed an ettin
  1094 | D        | Received a gift from Trog
  1101 | D        | Noticed an orc high priest
  1109 | D        | Noticed an orc knight
  1109 | D        | Received a gift from Trog
  1118 | D        | Killed an orc high priest
  1124 | D        | Killed an orc knight
  1182 | D        | Noticed an orc knight
  1182 | D        | Noticed an orc knight
  1186 | D        | Killed an orc knight
  1186 | D        | Received a gift from Trog
  1195 | D        | Killed an orc knight
  1196 | D        | Noticed an orc high priest
  1198 | D        | Reached skill level 10 in Armour
  1220 | D        | Killed an orc high priest
  1455 | D        | Found Toys's Assorted Antiques.
  1455 | D        | Noticed an ogre mage
  1456 | D        | Noticed an ogre mage
  1459 | D        | Killed an ogre mage
  1459 | D        | Received a gift from Trog
  1460 | D        | Gained mutation: You heal very quickly. [Vine Stalker
                  | growth]
  1460 | D        | Reached XP level 12. HP: 74/75 MP: 8/13
  1460 | D        | Found Regasym's Gadget Shoppe.
  1461 | D        | Noticed an iron troll
  1466 | D        | Found Afahous's General Store.
  1473 | D        | Killed an ogre mage
  1479 | D        | Killed an iron troll
  1480 | D        | Noticed an ogre mage
  1482 | D        | Received a gift from Trog
  1490 | D        | Killed an ogre mage
  1491 | D        | Reached skill level 15 in Fighting
  1578 | D        | Got a sapphire great sword {god gift}
  1579 | D        | Identified the +1 great sword of the Endless Expanse
                  | {flame, Int+4 SInv Stlth+} (Trog gifted it to you in the
                  | Dungeon)
  1592 | D        | Found Rolostroe's Assorted Antiques.
  1662 | D        | Bought a blackened ivory ring for 120 gold pieces
  1662 | D        | Bought a pair of glowing boots for 180 gold pieces
  1683 | D        | Bought a potion of haste for 140 gold pieces
  1685 | D        | Bought a potion of curing for 51 gold pieces
  1689 | D        | Bought a condenser vane for 440 gold pieces
  1689 | D        | Bought a tin of tremorstones (2/2) for 440 gold pieces
  1724 | D        | Noticed Grum
  1725 | D        | Received a gift from Trog
  1731 | D        | Killed Grum
  1871 | D        | Noticed a catoblepas
  1882 | D        | Reached skill level 1 in Evocations
  1883 | D        | Killed a catoblepas
  1888 | D        | Noticed a fire dragon
  1888 | D        | Received a gift from Trog
  1896 | D        | Noticed an ice dragon
  1903 | D        | Killed a fire dragon
  1908 | D        | Received a gift from Trog
  1912 | D        | Killed an ice dragon
  1920 | D        | Reached XP level 13. HP: 59/81 MP: 14/14
  1924 | D        | Received a gift from Trog
  1935 | D        | Got a scorched triple sword {god gift}
  1936 | D        | Identified the +3 triple sword of the Rat {flame, *Contam
                  | rElec rN+ Int+2} (Trog gifted it to you in the Dungeon)
  1941 | D        | Gained mutation: You are frail. (-10% HP) [mutagenic glow]
  2060 | D        | Noticed Nessos
  2068 | D        | Killed Nessos
  2157 | D        | Noticed a merfolk impaler
  2161 | D        | Killed a merfolk impaler
  2163 | D        | Received a gift from Trog
  2505 | D        | Received a gift from Trog
  2568 | D        | Noticed a shambling mangrove
  2568 | D        | Noticed an eleionoma
  2570 | D        | Noticed a shambling mangrove
  2571 | D        | Killed a shambling mangrove
  2575 | D        | Received a gift from Trog
  2575 | D        | Noticed Kirke
  2576 | D        | Killed an eleionoma
  2582 | D        | Killed Kirke
  2586 | D        | Received a gift from Trog
  2587 | D        | Noticed an eleionoma
  2593 | D        | Killed a shambling mangrove
  2596 | D        | Killed an eleionoma
  2676 | D        | Received a gift from Trog
  2677 | D        | Reached skill level 5 in Evocations
  2679 | D        | Reached XP level 14. HP: 41/81 MP: 7/15
  2860 | D        | Noticed Saint Roka
  2861 | D        | Noticed Rupert
  2863 | D        | Received a gift from Trog
  2872 | D        | Killed Saint Roka
  2874 | D        | Killed Rupert
  3093 | D        | Noticed a red very ugly thing
  3093 | D        | Noticed a frost giant
  3096 | D        | Received a gift from Trog
  3097 | D        | Killed a red very ugly thing
  3103 | D        | Noticed a spriggan defender
  3106 | D        | Noticed a stone giant
  3110 | D        | Killed a frost giant
  3113 | D        | Killed a spriggan defender
  3118 | D        | Killed a stone giant
  3159 | D        | Noticed a storm dragon
  3166 | D        | Killed a storm dragon
  3166 | D        | Received a gift from Trog
  3199 | D        | Received a gift from Trog
  3307 | D        | Noticed an ironheart preserver
  3307 | D        | Noticed a vault warden
  3307 | D        | Noticed an ironheart preserver
  3311 | D        | Killed an ironheart preserver
  3311 | D        | Received a gift from Trog
  3312 | D        | Reached skill level 15 in Armour
  3314 | D        | Killed an ironheart preserver
  3319 | D        | Killed a vault warden
  3320 | D        | Reached XP level 15. HP: 87/88 MP: 12/16
  3329 | D        | Received a gift from Trog
  3342 | D        | Noticed a vault warden
  3358 | D        | Killed a vault warden
  3378 | D        | Received a gift from Trog
  3381 | D        | Noticed a sphinx
  3387 | D        | Killed a sphinx
  3392 | D        | Received a gift from Trog
  3393 | D        | Reached skill level 10 in Evocations
  3420 | D        | Got an ichor-stained great sword {god gift}
  3421 | D        | Identified the +6 great sword of Voirch {vorpal, Dex+2}
                  | (Trog gifted it to you in the Dungeon)
  3486 | D        | Noticed Boris
  3496 | D        | Killed Boris
  3549 | D        | Noticed Azrael
  3559 | D        | Killed Azrael
  3561 | D        | Received a gift from Trog
  3588 | D        | Noticed Mara
  3595 | D        | Noticed mhtbhm's illusion
  3614 | D        | Killed Mara
  3671 | D        | Noticed Donald
  3677 | D        | Killed Donald
  3756 | D        | Got the +0 pair of gloves of Theory {Int+4}
  3845 | D        | Noticed Mennas
  3859 | D        | Killed Mennas
  3859 | D        | Received a gift from Trog
  3860 | D        | Noticed Xtahua
  3862 | D        | Paralysed by Xtahua for 6 turns
  3886 | D        | Killed Xtahua
  4136 | D        | Reached XP level 16. HP: 96/96 MP: 17/17
  4137 | D        | Received a gift from Trog
  4138 | D        | Reached skill level 5 in Stealth
  4303 | D        | Received a gift from Trog
  4306 | D        | Got a decaying rune of Zot
  4334 | D        | Noticed Ilsuiw
  4341 | D        | Received a gift from Trog
  4343 | D        | Killed Ilsuiw
  4364 | D        | Received a gift from Trog
  4436 | D        | Got a barnacled rune of Zot
  4684 | D        | Received a gift from Trog
  4685 | D        | Reached skill level 1 in Throwing
  4763 | D        | Got a gossamer rune of Zot
  4847 | D        | Noticed a nagaraja
  4847 | D        | Noticed a nagaraja
  4847 | D        | Noticed a nagaraja
  4848 | D        | Received a gift from Trog
  4848 | D        | Noticed a nagaraja
  4852 | D        | Noticed a nagaraja
  4853 | D        | Killed a nagaraja
  4855 | D        | Killed a nagaraja
  4855 | D        | Noticed a nagaraja
  4856 | D        | Killed a nagaraja
  4857 | D        | Killed a nagaraja
  4857 | D        | Noticed a nagaraja
  4859 | D        | Killed a nagaraja
  4859 | D        | Received a gift from Trog
  4859 | D        | Noticed a nagaraja
  4860 | D        | Reached skill level 10 in Dodging
  4862 | D        | Killed a nagaraja
  4862 | D        | Killed a nagaraja
  4863 | D        | Reached skill level 5 in Throwing
  4872 | D        | Killed a nagaraja
  4872 | D        | Received a gift from Trog
  4873 | D        | Reached XP level 17. HP: 56/104 MP: 18/18
  4884 | D        | Got a serpentine rune of Zot
  5040 | D        | Noticed Margery
  5044 | D        | Received a gift from Trog
  5051 | D        | Killed Margery
  5058 | D        | Got a crystal great sword {god gift}
  5059 | D        | Identified the +0 great sword of Balance {flame, rPois}
                  | (Trog gifted it to you in the Dungeon)
  5114 | D        | Received a gift from Trog
  5197 | D        | Received a gift from Trog
  5227 | D        | Received a gift from Trog
  5257 | D        | Received a gift from Trog
  5279 | D        | Received a gift from Trog
  5314 | D        | Got a masterwork great sword {god gift}
  5315 | D        | Identified the +7 great sword of Bankruptcy {vorpal, Dex+2}
                  | (Trog gifted it to you in the Dungeon)
  5366 | D        | Noticed a tentacled monstrosity
  5371 | D        | Reached skill level 10 in Throwing
  5371 | D        | Reached skill level 1 in Shields
  5377 | D        | Received a gift from Trog
  5378 | D        | Reached skill level 27 in Long Blades
  5378 | D        | Killed a tentacled monstrosity
  5612 | D        | Reached skill level 5 in Shields
  5613 | D        | Received a gift from Trog
  5661 | D        | Received a gift from Trog
  5707 | D        | Got a translucent great sword
  5708 | D        | Identified the +10 great sword "Cuysti" {freeze, Str+7
                  | Int+2 Stlth+} (You found it in the Dungeon)
  5756 | D        | Noticed a titan
  5756 | D        | Noticed a titan
  5756 | D        | Noticed a tentacled monstrosity
  5761 | D        | Killed a titan
  5762 | D        | Received a gift from Trog
  5763 | D        | Reached XP level 18. HP: 61/113 MP: 9/19
  5763 | D        | Killed a titan
  5764 | D        | Reached skill level 15 in Evocations
  5764 | D        | Noticed an ancient lich
  5765 | D        | Killed a tentacled monstrosity
  5765 | D        | Received a gift from Trog
  5777 | D        | Killed an ancient lich
  5778 | D        | Reached skill level 27 in Fighting
  5853 | D        | Got a silver rune of Zot
  5940 | D        | Noticed Agnes
  5944 | D        | Killed Agnes
  6021 | D        | Noticed Sojobo
  6024 | D        | Received a gift from Trog
  6035 | D        | Killed Sojobo
  6107 | D        | Got the ring "Qafo" {rCorr Stlth+}
  6109 | D        | Got the ring "Jilouwn" {AC+3 Int+5 Stlth+}
  6115 | D        | Found the +8 glaive of the Guard {elec, +Rage AC+5 SInv}
  6258 | D        | Noticed Jory
  6259 | D        | Noticed Snorg
  6270 | D        | Killed Jory
  6270 | D        | Received a gift from Trog
  6272 | D        | Killed Snorg
  6323 | D        | Noticed a tentacled monstrosity
  6334 | D        | Killed a tentacled monstrosity
  6339 | D        | Received a gift from Trog
  6483 | D        | Noticed a bone dragon
  6483 | D        | Noticed a bone dragon
  6493 | D        | Received a gift from Trog
  6496 | D        | Killed a bone dragon
  6497 | D        | Reached skill level 15 in Shields
  6502 | D        | Killed a bone dragon
  6508 | D        | Received a gift from Trog
  6521 | D        | Reached skill level 15 in Throwing
  6582 | D        | Noticed an electric golem
  6586 | D        | Reached XP level 19. HP: 118/118 MP: 20/20
  6587 | D        | Received a gift from Trog
  6594 | D        | Killed an electric golem
  6637 | D        | Noticed a tentacled monstrosity
  6639 | D        | Received a gift from Trog
  6642 | D        | Killed a tentacled monstrosity
  6822 | D        | Received a gift from Trog
  6833 | D        | Received a gift from Trog
  6959 | D        | Noticed a curse toe
  6963 | D        | Noticed a tentacled monstrosity
  6964 | D        | Killed a curse toe
  6968 | D        | Received a gift from Trog
  6970 | D        | Killed a tentacled monstrosity
  7097 | D        | Received a gift from Trog
  7143 | D        | Received a gift from Trog
  7149 | D        | Reached XP level 20. HP: 91/123 MP: 16/21
  7282 | D        | Noticed a golden dragon
  7286 | D        | Received a gift from Trog
  7287 | D        | Killed a golden dragon
  7503 | D        | Noticed an ancient lich
  7508 | D        | Killed an ancient lich
  7508 | D        | Received a gift from Trog
  7511 | D        | Noticed an orb of fire
  7524 | D        | Killed an orb of fire
  7526 | D        | Noticed an electric golem
  7532 | D        | Killed an electric golem
  7590 | D        | Noticed a Killer Klown
  7590 | D        | Noticed an electric golem
  7590 | D        | Noticed a golden dragon
  7595 | D        | Noticed an orb of fire
  7598 | D        | Killed a Killer Klown
  7599 | D        | Killed a golden dragon
  7599 | D        | Received a gift from Trog
  7600 | D        | Reached skill level 27 in Throwing
  7603 | D        | Killed an electric golem
  7765 | D        | Noticed a golden dragon
  7767 | D        | Noticed an electric golem
  7773 | D        | Killed a golden dragon
  7778 | D        | Killed an electric golem
  7778 | D        | Gained mutation: Your magical capacity is low. (-10% MP)
                  | [an orb of fire]
  7956 | D        | Lost mutation: You are frail. (-10% HP) [an orb of fire]
  7960 | D        | Gained mutation: Your spells are a little easier to cast,
                  | but a little less powerful. [an orb of fire]
  7962 | D        | Gained mutation: Your magical capacity is very low. (-20%
                  | MP) [an orb of fire]
  7965 | D        | Killed an orb of fire
  7965 | D        | Received a gift from Trog
  8012 | D        | Lost mutation: Your magical capacity is very low. (-20% MP)
                  | [potion of mutation]
  8012 | D        | Lost mutation: Your spells are a little easier to cast, but
                  | a little less powerful. [potion of mutation]
  8012 | D        | Gained mutation: You have sharp toenails. [potion of
                  | mutation]
  8012 | D        | Gained mutation: You possess an exceptional clarity of
                  | mind. [potion of mutation]
  8044 | D        | Reached XP level 21. HP: 96/142 MP: 19/19
  8047 | D        | Reached skill level 10 in Stealth
  8097 | D        | Received a gift from Trog
  8113 | D        | Reached skill level 27 in Armour
  8275 | D        | Noticed an ancient lich
  8275 | D        | Noticed an ancient lich
  8276 | D        | Noticed an ancient lich
  8279 | D        | Received a gift from Trog
  8280 | D        | Killed an ancient lich
  8280 | D        | Received a gift from Trog
  8283 | D        | Killed an ancient lich
  8289 | D        | Killed an ancient lich
  8290 | D        | Reached skill level 27 in Evocations
  8291 | D        | Received a gift from Trog
  8301 | D        | Received a gift from Trog
  8344 | D        | Reached skill level 1 in Polearms
  8371 | D        | Received a gift from Trog
  8372 | D        | Reached skill level 5 in Polearms
  8374 | D        | Received a gift from Trog
  8416 | D        | Received a gift from Trog
  8445 | D        | Got an elven rune of Zot
  8589 | D        | Reached skill level 15 in Polearms
  8589 | D        | Received a gift from Trog
  8903 | D        | Noticed the Royal Jelly
  8913 | D        | Killed the Royal Jelly
  8914 | D        | Reached XP level 22. HP: 148/148 MP: 20/20
  8929 | D        | Received a gift from Trog
  8954 | D        | Got a slimy rune of Zot
  9073 | D        | Received a gift from Trog
  9076 | D        | Received a gift from Trog
  9085 | D        | Received a gift from Trog
  9088 | D        | Received a gift from Trog
  9230 | D        | Received a gift from Trog
  9354 | D        | Noticed a royal mummy
  9357 | D        | Received a gift from Trog
  9459 | D        | Killed a royal mummy
  9540 | D        | Received a gift from Trog
  9654 | D        | Noticed a royal mummy
  9654 | D        | Noticed a royal mummy
  9654 | D        | Noticed a royal mummy
  9654 | D        | Noticed a royal mummy
  9657 | D        | Noticed a royal mummy
  9794 | D        | Killed a royal mummy
  9870 | D        | Killed a royal mummy
  9870 | D        | Received a gift from Trog
  9953 | D        | Killed a royal mummy
  9954 | D        | Reached skill level 27 in Stealth
 10046 | D        | Killed a royal mummy
 10124 | D        | Killed a royal mummy
 10124 | D        | Received a gift from Trog
 10125 | D        | Reached skill level 27 in Polearms
 10126 | D        | Reached skill level 1 in Short Blades
 10126 | D        | Reached skill level 1 in Axes
 10126 | D        | Reached skill level 1 in Maces & Flails
 10126 | D        | Reached skill level 1 in Staves
 10126 | D        | Reached skill level 1 in Slings
 10126 | D        | Reached skill level 1 in Bows
 10126 | D        | Reached skill level 1 in Crossbows
 10126 | D        | Reached skill level 1 in Unarmed Combat
 10126 | D        | Reached skill level 1 in Spellcasting
 10126 | D        | Reached skill level 1 in Conjurations
 10126 | D        | Reached skill level 1 in Hexes
 10126 | D        | Reached skill level 1 in Summonings
 10126 | D        | Reached skill level 1 in Necromancy
 10126 | D        | Reached skill level 1 in Translocations
 10126 | D        | Reached skill level 1 in Transmutations
 10126 | D        | Reached skill level 1 in Fire Magic
 10126 | D        | Reached skill level 1 in Ice Magic
 10126 | D        | Reached skill level 1 in Air Magic
 10126 | D        | Reached skill level 1 in Earth Magic
 10126 | D        | Reached skill level 1 in Poison Magic
 10126 | D        | Reached skill level 1 in Invocations
 10163 | D        | Got a golden rune of Zot
 10181 | D        | Received a gift from Trog
 10393 | D        | Got an abyssal rune of Zot
 10540 | D        | Noticed Geryon
 10559 | D        | Killed Geryon
 10574 | D        | Noticed Gloorx Vloq
 10574 | D        | Noticed Ereshkigal
 10575 | D        | Identified the +6 sword of Cerebov {flame}
 10575 | D        | Noticed Cerebov
 10581 | D        | Killed Gloorx Vloq
 10582 | D        | Reached XP level 23. HP: 91/153 MP: 23/23
 10683 | D        | Killed Ereshkigal
 10973 | D        | Killed Cerebov
 11172 | D        | Identified the +4 staff of Dispater
 11172 | D        | Noticed Dispater
 11190 | D        | Killed Dispater
 11247 | D        | Noticed Antaeus
 11261 | D        | Noticed Mnoleg
 11269 | D        | Killed Antaeus
 11476 | D        | Noticed Lom Lobon
 11491 | D        | Killed Mnoleg
 11491 | D        | Received a gift from Trog
 11492 | D        | Got a warped spear {god gift}
 12097 | D        | Killed Lom Lobon
 12293 | D        | Got a dark rune of Zot
 12297 | D        | Got a bone rune of Zot
 12301 | D        | Got a fiery rune of Zot
 12305 | D        | Got an icy rune of Zot
 12309 | D        | Got an iron rune of Zot
 12311 | D        | Identified the +7 sceptre of Asmodeus
 12311 | D        | Noticed Asmodeus
 12327 | D        | Killed Asmodeus
 12331 | D        | Got a glowing rune of Zot
 12335 | D        | Got a magical rune of Zot
 12339 | D        | Got an obsidian rune of Zot
 12857 | D        | Got the Orb of Zot
 12995 | D        | Received a gift from Trog
 13482 | D        | Received a gift from Trog
 13662 | D        | Reached XP level 24. HP: 126/158 MP: 18/23
 13736 | D        | Received a gift from Trog
 13869 | D        | Received a gift from Trog
 13882 | D        | Noticed Byemn the pandemonium lord
 13890 | D        | Paralysed by a floating eye for 2 turns
 13897 | D        | Killed Byemn the pandemonium lord
 13898 | D        | Reached skill level 15 in Staves
 13945 | D        | Received a gift from Trog
 14015 | D        | Received a gift from Trog
 14016 | D        | Reached skill level 27 in Shields
 14099 | D        | Noticed Buboxot the pandemonium lord
 14110 | D        | Killed Buboxot the pandemonium lord
 14142 | D        | Received a gift from Trog
 14406 | D        | Noticed Boris
 14418 | D        | Killed Boris
 14418 | D        | Received a gift from Trog
 14589 | D        | Escaped with the Orb!

Illustrated notes

Levels and vault maps discovered:
D:        linesprint [early_d, line_temple, items_1, d_10, items_2, lair_1,
          lair_end, items_3, orc_1, orc_end, items_4, d_15, swamp_1, shoals_1,
          snake_1, spider_1, d_20, vaults_1, items_5, swamp_end, shoals_end,
          snake_end, spider_end, vaults_end, d_27, items_6, zot_1, zot_end,
          crypt_end, forest_end, elf_end, slime_end, tomb_end, abyss_end,
          pan_hell_end]

Skill      XL: |  1  2  3  4  5  6  7  8  9 10 11 12 13 14 15 16 17 18 19 20 21 22 23 24 |
---------------+-------------------------------------------------------------------------+-----
Fighting       | 3 4 5 6 8 9 10 11 12 14 16 18 19 22 24 26 27 | 27.0
Long Blades    | 3 5 6 7 9 11 12 14 16 18 19 21 22 24 25 27 | 27.0
Armour         | 2 3 4 5 7 9 10 11 13 15 16 18 19 22 23 26 27 | 27.0
Dodging        | 2 3 4 5 6 7 8 9 10 11 12 16 24 26 | 26.0
Stealth        | 1 2 3 4 6 9 21 27 | 27.0
Evocations     | 2 5 9 11 14 16 19 23 27 | 27.0
Throwing       | 5 10 15 23 27 | 27.0
Shields        | 8 15 19 20 26 27 | 27.0
Polearms       | 19 27 | 27.0
Short Blades   | 1 2 |  2.6
Axes           | 1 |  1.9
Maces & Flails | 1 |  1.0
Staves         | 1 13 18 | 18.7
Slings         | 1 |  1.8
Bows           | 1 |  1.0
Crossbows      | 1 |  1.0
Unarmed Combat | 1 |  1.1
Spellcasting   | 1 |  1.1
Conjurations   | 1 |  1.1
Hexes          | 1 |  1.3
Summonings     | 1 |  1.3
Necromancy     | 1 |  1.3
Translocations | 1 |  1.3
Transmutations | 1 |  1.3
Fire Magic     | 1 |  1.3
Ice Magic      | 1 |  1.3
Air Magic      | 1 |  1.3
Earth Magic    | 1 |  1.3
Poison Magic   | 1 |  1.3
Invocations    | 1 |  1.3

Action                   |  1- 3 |  4- 6 |  7- 9 | 10-12 | 13-15 | 16-18 | 19-21 | 22-24 || total
-------------------------+-------+-------+-------+-------+-------+-------+-------+-------++-------
Melee: Falchion          |    13 |     6 |       |       |       |       |       |       ||    19
       Bite              |     2 |     9 |    20 |    76 |   103 |   146 |    94 |   166 ||   616
       Scimitar          |       |    12 |    45 |    13 |       |       |       |       ||    70
       Great sword       |       |       |     6 |    77 |   206 |   268 |   115 |    22 ||   694
       Double sword      |       |       |       |    83 |    15 |    24 |    79 |       ||   201
       Trishula          |       |       |       |       |       |       |       |   306 ||   306
       Punch             |       |       |       |       |       |       |       |     1 ||     1
       Flamberge         |       |       |       |       |       |       |       |    17 ||    17
Throw: Javelin           |       |       |       |       |       |    68 |    95 |    31 ||   194
Invok: Berserk           |     2 |     1 |     3 |     6 |    10 |     9 |     3 |     8 ||    42
       Brothers in Arms  |       |       |       |     4 |     2 |       |     1 |     3 ||    10
       Trog's Hand       |       |       |       |       |       |       |       |     2 ||     2
Evoke: Wand              |       |       |       |     3 |     6 |       |       |       ||     9
       Tin of tremorston |       |       |       |       |    19 |    11 |     1 |       ||    31
       Condenser vane    |       |       |       |       |    11 |    14 |    13 |    12 ||    50
       Lightning rod     |       |       |       |       |       |     4 |     1 |       ||     5
       Horn of Geryon    |       |       |       |       |       |       |       |     1 ||     1
  Use: Scroll            |       |       |       |     5 |     1 |     4 |       |    13 ||    23
       Potion            |       |       |       |     1 |     1 |     2 |     1 |     7 ||    12
 Stab: Distracted        |       |       |       |       |       |       |     1 |     1 ||     2
       Sleeping          |       |       |       |       |       |       |     1 |     3 ||     4
Armor: Scale mail        |       |     3 |    11 |    13 |       |       |       |       ||    27
       Chain mail        |       |       |       |    55 |   101 |   146 |       |       ||   302
       Gold dragon scale |       |       |       |       |       |    23 |    85 |   103 ||   211
Dodge: Dodged            |     7 |     8 |    18 |    66 |    81 |   124 |    69 |    86 ||   459
Block: Kite shield       |       |       |       |       |       |    26 |    64 |    65 ||   155
       Reflection        |       |       |       |       |       |     1 |       |       ||     1
       Rpst.: Falchion   |     1 |     2 |       |       |       |       |       |       ||     3
       Scimitar          |       |       |     6 |     1 |       |       |       |       ||     7
       Great sword       |       |       |       |     7 |    15 |    15 |     8 |     5 ||    50
       Double sword      |       |       |       |     5 |       |       |     3 |       ||     8
       Flamberge         |       |       |       |       |       |       |       |     1 ||     1

Table legend: (Time is in decaauts) A = Elapsed time spent in this place. B = Non-inter-level travel time spent in this place. C = Inter-level travel time spent in this place. D = Time resting spent in this place. E = Time spent auto-exploring this place. F = Levels seen in this place. G = Mean time per level. A B C D E F G +--------+--------+--------+--------+--------+-----+--------+ Total | 14388 | 12577 | 1811 | 6034 | 1386 | 1 | 14388.0 | Dungeon | 14388 | 12577 | 1811 | 6034 | 1386 | 1 | 14388.0 | +--------+--------+--------+--------+--------+-----+--------+

Top non-repeatable levels by time:
       D: 14388 daAuts
